 Dungeon Crawl Stone Soup version bcrawl-1.17.3 (webtiles) character file.

Game seed: 1842263096216588039

81 Gottschkopf the Insei (level 4, -3/52 HPs)
             Began as a Draconian Transmuter on Oct 20, 2019.
             Slain by a worm (7 damage)
             ... on level 3 of the Dungeon.
             The game lasted 00:06:34 (2147 turns).

Gottschkopf the Insei (Draconian Transmuter)        Turns: 2147, Time: 00:06:34

Health: -3/52      AC:  5    Str: 17    XL:     4   Next: 19%
Magic:  4/7        EV: 12    Int: 14    God:
Gold:   106        SH:  0    Dex: 12    Spells: 3/7 levels left

rFire    . . .     SeeInvis .     - Unarmed
rCold    . . .     Gourm    +   (no shield)
rNeg     . . .     Faith    .   (armour unavailable)
rPois    .         Spirit   .   (helmet restricted)
rElec    .         Reflect  .   (no cloak)
rCorr    .         Harm     .   (no gloves)
MR       .....                  (no boots)
Stlth    ..........             j - amulet of the gourmand
HPRegen  0.17/turn              (no ring)
MPRegen  0.10/turn              (no ring)

@: berserking, about to teleport, appendage, very slightly contaminated, very
quick
A: unfitting armour, horns 2, cold-blooded, AC +5
a: End Transformation


You were on level 3 of the Dungeon.
You were completely stuffed.
You had grown temporary horns.
You visited 1 branch of the dungeon, and saw 3 of its levels.

You collected 106 gold pieces.

Inventory:

Missiles
 a - 120 arrows
Jewellery
 j - an amulet of the gourmand (around neck)
Scrolls
 g - a scroll of teleportation
 i - a scroll of amnesia {unknown}
 k - a scroll of fog {unknown}
 m - 2 scrolls of identify {unknown}
Potions
 c - a potion of lignification
 e - 2 potions of haste {unknown}
 f - a potion of cancellation {unknown}
 h - a potion of might {unknown}
 l - a potion of magic {unknown}
 o - a potion of heal wounds {unknown}
Comestibles
 d - 3 rations {!d}
 n - 3 chunks of flesh


   Skills:
 - Level 1.1 Fighting
 - Level 1.7 Dodging
 - Level 4.2 Unarmed Combat
 - Level 2.0 Spellcasting
 + Level 2.9 Transmutations
 - Level 1.3 Poison Magic


You had 3 spell levels left.
You knew the following spells:

 Your Spells              Type           Power        Failure   Level  Hunger
a - Beastly Appendage     Tmut           #.....       8%          1    ##.....
b - Spider Form           Tmut/Pois      #..          30%         3    ####...

Your spell library contained the following spells:

 Spells                   Type           Power        Failure   Level  Hunger
 Sticks to Snakes         Tmut           #.......     11%         2    ###....
 Ice Form                 Ice/Tmut       #.......     78%         4    #####..
 Blade Hands              Tmut           #.........   90%         5    ######.


Dungeon Overview and Level Annotations

Branches:
Dungeon (3/12)

Altars:
Makhleb
Ru
Trog


Innate Abilities, Weirdness & Mutations

Your plain brown scales are hard. (AC +5)
You cannot fit into any form of body armour.
You are cold-blooded and may be slowed by cold attacks.
You have a pair of horns on your head.


Message History

You barely miss the gnoll.
The gnoll is lightly wounded.
The gnoll hits you with a +0 spear!
* * * LOW HITPOINT WARNING * * *
The gnoll barely misses you.
As you read the scroll labeled QEOHUO ZIGISA, it crumbles to dust.
You feel strangely unstable.
It was a scroll of teleportation.
The gnoll hits you from afar with a +0 spear.
* * * LOW HITPOINT WARNING * * *
The worm bites you.
* * * LOW HITPOINT WARNING * * *
It was a potion of berserk rage.
A red film seems to cover your vision as you go berserk!
You feel yourself moving faster!
You feel mighty! The gnoll barely misses you.
You punch the worm!
The worm is heavily wounded.
The gnoll hits you from afar with a +0 spear.
* * * LOW HITPOINT WARNING * * *
The worm bites you!
You die...

..# #..# #..#
#w.# #.. # # ..#
.# ##
#.#####.##.#...
#.
#ggg.@w........
. #.#####.######
. #.# #
#.##############
#.............##
#############...
####


You could see a worm and 3 gnolls.

Vanquished Creatures
  An ooze (D:2)
  A dart slug (D:2)
  3 leopard geckos
  2 orcs (D:2)
  12 bats
  9 giant cockroaches
  7 goblins
  6 hobgoblins
  4 jackals
  A quokka (D:2)
  3 frilled lizards
  4 kobolds
  10 rats
63 creatures vanquished.

Notes
Turn   | Place    | Note
-------+----------+-------------------------------------------
     0 | D:1      | Gottschkopf the Draconian Transmuter began the quest for
                  | the Orb.
     0 | D:1      | Reached XP level 1. HP: 16/16 MP: 3/3
   283 | D:1      | Reached XP level 2. HP: 20/23 MP: 5/5
   502 | D:1      | Reached skill level 4 in Unarmed Combat
   570 | D:1      | Reached XP level 3. HP: 28/28 MP: 4/6
   578 | D:1      | Learned a level 3 spell: Spider Form
   992 | D:2      | Found a bloodstained altar of Trog.
  1305 | D:2      | Found a sacrificial altar of Ru.
  1392 | D:2      | Found a burning altar of Makhleb.
  1399 | D:2      | Reached skill level 1 in Poison Magic
  1740 | D:2      | Reached XP level 4. HP: 35/35 MP: 5/7
  2147 | D:3      | Slain by a worm

Skill      XL: |  1  2  3 |
---------------+----------+-----
Unarmed Combat | 4 |  4.2
Poison Magic   | 1 |  1.3
Fighting       | |  1.1
Dodging        | |  1.7
Spellcasting   | |  2.0
Transmutations | |  2.9

Action                   |  1- 3 |  4- 6 || total
-------------------------+-------+-------++-------
Melee: Unarmed           |   167 |    30 ||   197
       Headbutt          |    11 |     2 ||    13
       Tailslap          |    15 |       ||    15
       Kick              |     6 |     1 ||     7
       Punch             |     1 |       ||     1
 Cast: Beastly Appendage |    22 |     4 ||    26
  Use: Scroll            |       |     1 ||     1
       Potion            |       |     1 ||     1
 Stab: Sleeping          |     2 |       ||     2
  Eat: Chunk             |    23 |     1 ||    24
Armor: Skin              |    64 |     8 ||    72
Dodge: Dodged            |   119 |    22 ||   141
